[Event "*** Titled Tuesday Blitz"]
[Site "Chess.com"]
[Date "2020.11.24"]
[Round "10"]
[White "elohunter1999"]
[Black "Xeniya2005"]
[Result "1-0"]
[WhiteElo "2565"]
[BlackElo "2432"]
[TimeControl "180+1"]
[EndTime "12:15:03 PST"]
[Termination "elohunter1999 won on time"]

1. d4 Nf6 2. c4 e6 3. Nc3 b6 4. e4 d6 5. f3 Bb7 6. Be3 Nbd7 7.
Qd2 c5 8. d5 a6 9. a4 Be7 10. Nge2 e5 11. g4 h6 12. Ng3 Ng8 13. Be2 g6 14. h4 Qc7 15. Kf2 h5 16. gxh5 gxh5 17. Nf5 Bf6 18. Bf1 O-O-O 19. a5 Kb8 20. axb6 Nxb6 21. b3 Ne7 22. Bh3 Nxf5 23. Bxf5 Qe7 24.
Rhb1 Bxh4+ 25. Ke2 Rhg8 26. Kd3 Bg5 27. b4 Bxe3 28.
Qxe3 Kc7 29. bxc5 dxc5 30. Qd2 Rd6 31. Na4 Nxa4 32. Rxa4 Rg3 33. Qa5+ Kb8 34. Qxc5 Rxf3+ 35. Ke2 Rxf5 36. exf5 Qc7 37. Qxc7+ Kxc7 38. Rh1 Rh6 39. Ke3 h4 40. Ke4 Bc8 41. Kxe5 Rh5 42. Kd4 Bxf5 43.
Rxa6 h3 44. Rh2 Rh4+ 45. Kc5 Bc8 46. Ra7+ Kd8 47. Rxf7 Rh6 48. Rg7 Rf6 49. Rh7 Rf4 50.
Rh8+ Kc7 51. Rxc8+ Kxc8 52. Rxh3 Rf6 53. Rh8+ Kc7 54.
Rh7+ Kc8 55. d6 Rf5+ 56. Kc6 Rf8 57. c5 Rg8 58. Rb7 Rg6 59. Rc7+ 1-0

[Event "*** Titled Tuesday Blitz"]
[Site "Chess.com"]
[Date "2020.11.24"]
[Round "10"]
[White "Tpros"]
[Black "Nadeev_Sergey"]
[Result "1-0"]
[WhiteElo "2588"]
[BlackElo "2462"]
[TimeControl "180+1"]
[EndTime "12:15:04 PST"]
[Termination "Tpros won by resignation"]

1. e4 e5 2. Nf3 Nc6 3. Bb5 a6 4.
Bxc6 dxc6 5. Nc3 f6 6. d4 exd4 7. Nxd4 c5 8. Nde2 Qxd1+ 9. Nxd1 Be6 10. Bf4 O-O-O 11. h4 h5 12. Ne3 Ne7 13. f3 Nc6 14. O-O Nd4 15. Kf2 Be7 16. Rfd1 Rhe8 17. b3 Bd6 18. Bxd6 Rxd6 19. c3 Nxe2 20. Kxe2 f5 21.
Rxd6 cxd6 22. exf5 Bxf5 23. Rd1 Kc7 24. Kf2 Be6 25.
c4 Kc6 26. a4 b6 27. Rd3 g6 28. g3 Rb8 29. Nd5 b5 30. axb5+ axb5 31. Ne7+ Kd7 32. Nd5 bxc4 33. bxc4 Rb2+ 34. Ke3 Rg2 35. Kf4 Rc2 36.
Kg5 Bf5 37. Rc3 Rxc3 38. Nxc3 Bd3 39. g4 hxg4 40. fxg4 Ke6 41. Nd1 Bxc4 42. Kxg6 Be2 43. Nf2 c4 44. h5 c3 45. h6 c2 46. h7 c1=Q 47. h8=Q Qb1+ 48. Kh6 Qc1+ 49. g5 Qf1 50.
Qf6+ Kd7 51. g6 Bc4 52. g7 Qe2 53. Qf5+ Qe6+ 54. Qxe6+ Bxe6 55. Ne4 Ke7 56. Kh7 d5 57. Ng5 Bf5+ 58. Kh8 1-0

[Event "*** Titled Tuesday Blitz"]
[Site "Chess.com"]
[Date "2020.11.24"]
[Round "10"]
[White "anon481216"]
[Black "Marty435"]
[Result "1/2-1/2"]
[WhiteElo "2405"]
[BlackElo "2517"]
[TimeControl "180+1"]
[EndTime "12:15:04 PST"]
[Termination "Game drawn by stalemate"]

1. d4 Nf6 2. c4 c5 3. d5 b5 4. cxb5 a6 5. bxa6 e6 6. Nc3 exd5 7. Nxd5 Be7 8. Nf3 O-O 9. g3 Nxd5 10. Qxd5 Rxa6 11. Bg2 Rd6 12. Qf5 Nc6 13. O-O Rf6 14. Qc2 d5 15. Rd1 Bf5 16. Qa4 Be4 17. Bg5 Re6 18.
Bxe7 Qxe7 19. Rac1 h6 20. b3 Rb8 21. Qa3 Nb4 22. Qb2 d4 23. Rd2 Nd5 24. Ne1 Bxg2 25. Nxg2 Nc3 26. e3 Ra8 27. a4 Rb6 28. exd4 cxd4 29. Re1 Qb4 30. Nf4 Nxa4 31. Qxd4 Qxb3 32. Nd5 Rbb8 33. Ne7+ Kh8 34. Nf5 f6 35. Qg4 Ra7 36. h4 Nc3 37. Ne7 Qf7 38. Ng6+ Kh7 39. h5 Re8 40.
Rc1 Ne4 41. Rdc2 Ng5 42. Kh2 Qd5 43. Nh4 Rae7 44. Qf5+ Qxf5 45. Nxf5 Re2 46. Rxe2 Rxe2 47. Kg2 Ra2 48. Rc7 Ne6 49. Re7 Ra6 50. Kh3 Kg8 51. f4 Kf8 52. Kg4 Nd4 53. Rb7 Nxf5 54. Kxf5 Ra3 55.
g4 Ra4 56. Kg6 Rxf4 57. Rf7+ Ke8 58. Rxg7 Rxg4+ 59. Kxf6 Rxg7 60. Kxg7 Ke7 61. Kxh6 Kf8 62. Kh7 Kf7 63. h6 Kf8 64. Kh8 Kf7 65. h7 Kf8 1/2-1/2

[Event "*** Titled Tuesday Blitz"]
[Site "Chess.com"]
[Date "2020.11.24"]
[Round "10"]
[White "niki_2003"]
[Black "Morshynska"]
[Result "1-0"]
[WhiteElo "2011"]
[BlackElo "2237"]
[TimeControl "180+1"]
[EndTime "12:15:04 PST"]
[Termination "niki_2003 won on time"]

1. d4 d5 2. c4 c6 3. Nf3 Nf6 4. g3 e6 5. Bg2 dxc4 6. a4 Bb4+ 7. Bd2 Qa5 8. O-O O-O 9. Ne5 Bxd2 10. Qxd2 Qxd2 11.
Nxd2 Rd8 12. e3 Nbd7 13. Ndxc4 Nxe5 14. Nxe5 Nd5 15. a5 Bd7 16. Rfc1 Be8 17. Rc4 f6 18.
Nf3 a6 19. Nd2 Nc7 20. Nb3 Rab8 21. Nc5 Bf7 22. b4 e5 23. Rc2 exd4 24. Rd2 dxe3 25. Rxd8+ Rxd8 26. Nxb7 exf2+ 27. Kxf2 Rd2+ 28. Kg1 Nd5 29. Rc1 Nxb4 30. Bxc6 h5 31. Be4 h4 32. Rc8+ Be8 33.
Rxe8+ Kf7 34. Rd8 Re2 35. Bd3 Rb2 36. Bc4+ Ke7 37. Rd1 h3 38. Nc5 Nc2 39. Rd7+ Ke8 40. Bf7+ Kf8 41. Bh5 g6 42. Rd8+ Ke7 43. Rd7+ Kf8 44.
Bxg6 Ne3 45. Rf7+ Kg8 46. Rxf6 Kg7 47. Re6 Re2 48. Bf5 Re1+ 49. Kf2 Rh1 50. Kxe3 Rxh2 51. Rg6+ Kf7 52. Rh6 Ra2 53. Rxh3 Rxa5 54. Rh7+ Kf6 55. Rh6+ Kg5 56. Rg6+ Kxf5 57. Rc6 Ra3+ 58. Kf2 a5 59. Ra6 1-0

[Event "*** Titled Tuesday Blitz"]
[Site "Chess.com"]
[Date "2020.11.24"]
[Round "10"]
[White "NikolaGry"]
[Black "UCantHandleDenker"]
[Result "1/2-1/2"]
[WhiteElo "2715"]
[BlackElo "2530"]
[TimeControl "180+1"]
[EndTime "12:15:05 PST"]
[Termination "Game drawn by repetition"]

1. b3 Nf6 2. Bb2 g6 3. Bxf6 exf6 4. c4 h5 5. Nc3 f5 6. e3 d6 7. d4 Bh6 8. g3 Nd7 9. Nf3 Nf6 10. Bg2 O-O 11.
O-O c6 12. Rb1 a5 13. a3 Re8 14. b4 axb4 15. axb4 Bd7 16. b5 Ra3 17. Rb3 Qa5 18.
Rxa3 Qxa3 19. bxc6 bxc6 20. Qa1 Ra8 21. Qxa3 Rxa3 22.
Nb1 Ra2 23. Nfd2 Rc2 24. Re1 c5 25. dxc5 dxc5 26. Nb3 Rxc4 27. Bf1 Rc2 28. Bd3 Rb2 29. Nxc5 Bc6 30. Nc3 Ng4 31. Nd1 Rd2 32. Be2 Ne5 33.
Nb3 Ra2 34. Nd4 Bd7 35. Nc3 Rd2 36. Nd5 Kg7 37. Rd1 Ra2 38. Rc1 Ra7 39. h4 Ng4 40. Bxg4 hxg4 41. Rc7 Rxc7 42. Nxc7 Kf8 43. Nd5 Bg7 44. Kf1 Bc8 45. Nf4 Ba6+ 46. Ke1 Bc4 47.
h5 gxh5 48. Nxf5 Bc3+ 49. Kd1 Bb3+ 50. Kc1 Be1 51. Nd3 Bc3 52. Nd4 Bc4 53. Kc2 Bxd4 54. exd4 Bxd3+ 55. Kxd3 Ke7 56. Ke4 Ke6 57. Kf4 Kd5 58. Kg5 Kxd4 59. Kxh5 f5 60. Kg6 Ke4 61.
Kg5 Ke5 62. Kg6 Ke4 63. Kg5 Ke5 64. Kg6 Ke4 1/2-1/2

[Event "*** Titled Tuesday Blitz"]
[Site "Chess.com"]
[Date "2020.11.24"]
[Round "10"]
[White "ambaixador"]
[Black "Chigorinetz"]
[Result "1-0"]
[WhiteElo "2438"]
[BlackElo "2539"]
[TimeControl "180+1"]
[EndTime "12:15:05 PST"]
[Termination "ambaixador won by resignation"]

1. Nf3 d5 2. c4 dxc4 3. Qa4+ Nc6 4. e3 Be6 5. Nd4 Bd7 6. Nxc6 Bxc6 7. Qxc4 e5 8. b4 Nf6 9. Bb2 Bd6 10. b5 Bd5 11. Qc2 O-O 12. Nc3 Be6 13. Be2 Ng4 14. O-O Qh4 15. h3 Nf6 16. Bf3 Rad8 17. Bxb7 c5 18. Ne4 Bb8 19. Nxf6+ gxf6 20. Bc3 Bxh3 21. gxh3 Kh8 22.
Qf5 Rg8+ 23. Kh1 Rd6 24. Rg1 Rg6 25. Rxg6 hxg6 26. Qf3 Rd8 27. Kg2 Kg7 28. Qg4 Qh6 29.
Rg1 Re8 30. Bd5 Rd8 31. Bc6 Kf8 32. a4 f5 33. Qe2 e4 34. f4 g5 35. fxg5 Qxg5+ 36. Kf1 Qh4 37. Qg2 Ke7 38. Qg5+ Qxg5 39. Rxg5 Bc7 40.
Rxf5 Ke6 41. Rf6+ Ke7 42. Rh6 Rg8 43. Bf6+ Ke6 44. Bd4+ Kf5 45. Bxc5 Rd8 46. Bb4 Be5 47. Bc3 f6 48. Bxe5 Kxe5 49. Ke2 Rg8 50. Rh4 f5 51. Rf4 Rg3 52. Rf2 Rxh3 53. d4+ exd3+ 54. Kxd3 Rg3 55. a5 Rg6 56. Rc2 Rd6+ 57. Ke2 f4 58. exf4+ Kxf4 59. b6 axb6 60. axb6 Rd8 61. b7 Ke5 62. Ra2 Kd6 63. Ra8 Re8+ 64. Rxe8 1-0

[Event "*** Titled Tuesday Blitz"]
[Site "Chess.com"]
[Date "2020.11.24"]
[Round "10"]
[White "IMAghasiyevKamal"]
[Black "rasmussvane"]
[Result "0-1"]
[WhiteElo "2571"]
[BlackElo "2868"]
[TimeControl "180+1"]
[EndTime "12:15:06 PST"]
[Termination "rasmussvane won by checkmate"]

1. e4 c6 2. d4 d5 3. Nc3 dxe4 4. Nxe4 Nf6 5. Nxf6+ exf6 6. c3 Bd6 7. Bd3 O-O 8.
Ne2 Re8 9. Qc2 h6 10. O-O Qc7 11. h3 Nd7 12. Ng3 Nf8 13. Nh5 Qd8 14. Bf4 Bxf4 15. Nxf4 Qd6 16. Qd2 Ne6 17. Rae1 Kf8 18. Nh5 Bd7 19. f4 Qd5 20. g4 c5 21. Be4 Qxa2 22. d5 Nc7 23. Bg2 Qa6 24. d6 Nb5 25. Re7 Rad8 26. Rxe8+ Bxe8 27. Qe3 Qxd6 28. Bxb7 Bd7 29. Bg2 Re8 30. Qf2 g6 31. Ng3 Bc6 32. Bxc6 Qxc6 33. f5 Kg7 34. Re1 Rxe1+ 35. Qxe1 Qd6 36. Kg2 Qd5+ 37.
Qe4 Qd2+ 38. Qe2 Qd7 39. Qe4 Qd2+ 40. Qe2 Qd6 41. Qe4 Nc7 42. fxg6 fxg6 43. h4 Qe6 44. Qxe6 Nxe6 45. Kf3 Kf7 46. Ke4 Nc7 47. h5 gxh5 48. gxh5 Ke6 49. Nf5 Ne8 50. Nxh6 Ng7 51. Kf4 Nxh5+ 52.
Ke4 Ng7 53. b4 cxb4 54. cxb4 a6 55. Kd4 Nf5+ 56. Nxf5 Kxf5 57. Kc5 Ke6 58. Kb6 f5 59. Kxa6 f4 60. b5 f3 61. b6 f2 62. b7 f1=Q+ 63.
Ka7 Qa1+ 64. Kb8 Kd6 65. Kc8 Qh8# 0-1

[Event "*** Titled Tuesday Blitz"]
[Site "Chess.com"]
[Date "2020.11.24"]
[Round "10"]
[White "Shield12"]
[Black "Arseniy_Nesterov"]
[Result "1-0"]
[WhiteElo "2921"]
[BlackElo "2804"]
[TimeControl "180+1"]
[EndTime "12:15:07 PST"]
[Termination "Shield12 won by resignation"]

1. e4 e6 2. d4 d5 3. Nd2 c5 4. Ngf3 Nc6 5. exd5 exd5 6. Bb5 Qe7+ 7. Be2 Qc7 8. dxc5 Bxc5 9. Nb3 Be7 10. O-O Nf6 11.
c3 O-O 12. Bg5 Re8 13. Re1 Ne4 14. Bxe7 Nxe7 15. Nfd4 Nc6 16. Bf3 Bd7 17. Qc2 Qf4 18.
Rad1 Rad8 19. g3 Qf6 20. Bxe4 dxe4 21. Rxe4 Ne5 22. Rde1 Bc6 23. R4e3 g6 24. Qe2 Nf3+ 25. Nxf3 Rxe3 26. Qxe3 Bxf3 27. Nd4 Bd5 28. b3 b6 29.
Qe7 Qxe7 30. Rxe7 a5 31. f4 a4 32. Ra7 axb3 33. axb3 b5 34. b4 Bc4 35. Rb7 Re8 36.
Kf2 Re4 37. Rb8+ Kg7 38. Nxb5 Re2+ 39. Kf3 Rxh2 40. Nd6 Bd5+ 41. Ke3 Rg2 42. c4 Rxg3+ 43. Kd4 Bg2 44. b5 h5 45. b6 h4 46. b7 Rb3 47. Nb5 Bxb7 48. Rxb7 h3 49. Re7 Rb1 50.
Re2 Rh1 51. c5 h2 52. Ke3 Rc1 53. Rxh2 Rxc5 54. Nd4 Rc3+ 55. Ke4 Rc4 56. Ra2 Rb4 57.
Ra7 Rb1 58. Ne6+ Kg8 59. Ra8+ Kh7 60. Ng5+ Kg7 61. Ra7 Re1+ 62. Kf3 1-0

[Event "*** Titled Tuesday Blitz"]
[Site "Chess.com"]
[Date "2020.11.24"]
[Round "10"]
[White "onnoelgersma"]
[Black "biostatistician"]
[Result "1/2-1/2"]
[WhiteElo "2424"]
[BlackElo "2536"]
[TimeControl "180+1"]
[EndTime "12:15:08 PST"]
[Termination "Game drawn - insufficient material"]

1. e3 d5 2. Nf3 Nf6 3. b3 Bg4 4. Bb2 e6 5. h3 Bh5 6. Be2 c5 7.
Bb5+ Nc6 8. O-O Bd6 9. d3 O-O 10. Bxc6 bxc6 11. Nbd2 Nd7 12. g4 Bg6 13. Qe2 f5 14.
Kg2 e5 15. e4 fxg4 16. hxg4 Qe7 17. Rae1 Rf4 18. Ng1 Raf8 19. f3 h5 20. Nh3 R4f7 21. g5 Rf4 22. Qf2 h4 23. Kh2 Bh5 24. Nxf4 Rxf4 25.
Rg1 Qf7 26. Ref1 Nf8 27. Qe3 Ng6 28. Ba3 h3 29. Bxc5 d4 30. Qe2 Bxc5 31. Rg3 Bb4 32. Nc4 Nh4 33. Nxe5 Qc7 34. Ng4 Bxg4 35. fxg4 Rxf1 36.
Qxf1 Bd6 37. Qxh3 Bxg3+ 38. Qxg3 Qxg3+ 39. Kxg3 Ng6 40. Kf3 Kf7 41. Ke2 Ke6 42. Kd2 c5 43. c3 Ne5 44. b4 dxc3+ 45. Kxc3 cxb4+ 46. Kxb4 Nxd3+ 47. Kc4 Ne5+ 48. Kb5 Nxg4 49. Ka6 Nf2 50. Kxa7 Nxe4 51. a4 Nxg5 52. a5 Ne4 53. Kb6 Nd6 54. Kc6 g5 55. a6 Nc8 56. Kc7 Na7 57. Kb6 g4 58. Kxa7 g3 59. Kb8 g2 60. a7 g1=Q 61. a8=Q Qb6+ 62. Qb7 Qxb7+ 63. Kxb7 1/2-1/2

[Event "*** Titled Tuesday Blitz"]
[Site "Chess.com"]
[Date "2020.11.24"]
[Round "10"]
[White "DrVelja"]
[Black "LiderChessAcademy"]
[Result "1-0"]
[WhiteElo "2782"]
[BlackElo "2577"]
[TimeControl "180+1"]
[EndTime "12:15:09 PST"]
[Termination "DrVelja won on time"]

1. e4 c5 2. Nc3 Nc6 3. f4 g6 4. Nf3 Bg7 5. Bb5 Nd4 6. O-O a6 7. Bd3 d6 8. Nxd4 cxd4 9. Ne2 Nf6 10. c3 dxc3 11. bxc3 O-O 12. Kh1 b6 13. Bc2 Bb7 14. d3 Qc7 15. a4 Nd7 16. Rb1 f5 17. Nd4 Nc5 18. exf5 gxf5 19. Nf3 e5 20. d4 Ne4 21. Bb3+ Kh8 22. Rb2 Nxc3 23. Qe1 exd4 24. Ng5 Rae8 25.
Qh4 Bf6 26. Qh5 Qg7 27. Nf7+ Rxf7 28. Bxf7 Re7 29. Bc4 Nxa4 30. Re2 Be4 31. Ref2 b5 32. Bb3 Nc5 33. Ba2 d3 34. Be3 Bd4 35. Bxd4 Qxd4 36. Qg5 Qg7 37. Qh4 d5 38. Rc1 d2 39.
Rxd2 Ne6 40. Rc8+ Nf8 41. h3 Rf7 42. Re2 Qf6 43. Qg3 Rg7 44. Qf2 Rg8 45. Qe3 Ng6 46.
Rxg8+ Kxg8 47. Qc5 Qa1+ 48. Kh2 Nxf4 49. Qc8+ Kg7 50. Qc7+ Kg6 51. Qxf4 Qf6 52. Rf2 a5 53. g4 Kg7 54. gxf5 b4 55. Bb3 Kf8 56. Qb8+ Ke7 57. Qa7+ Ke8 58. Qb8+ Ke7 59. Ba4 1-0

[Event "*** Titled Tuesday Blitz"]
[Site "Chess.com"]
[Date "2020.11.24"]
[Round "10"]
[White "enriquetejedor"]
[Black "dosto07"]
[Result "1/2-1/2"]
[WhiteElo "2467"]
[BlackElo "2321"]
[TimeControl "180+1"]
[EndTime "12:15:10 PST"]
[Termination "Game drawn by stalemate"]

1. e4 e5 2. Nf3 Nc6 3. c3 Nf6 4. d3 d5 5. Nbd2 Be7 6. Be2 O-O 7. b4 a6 8. O-O Re8 9. a3 Bf8 10.
Bb2 Bg4 11. Re1 h6 12. Qc2 Qd7 13. Rad1 Rad8 14. Nf1 d4 15. N1d2 dxc3 16. Bxc3 Nh5 17. g3 Nf6 18. Nb3 Nh7 19. Rd2 Ng5 20. Nxg5 hxg5 21.
Bf1 Bh3 22. d4 Bxf1 23. Rxf1 exd4 24. Nxd4 Nxd4 25. Rxd4 Qe6 26. Rxd8 Rxd8 27. Re1 Qc4 28. Qc1 Rd3 29. Bb2 Qxc1 30. Rxc1 c6 31. Rc2 g4 32.
Kg2 f6 33. h3 gxh3+ 34. Kxh3 Kf7 35. f4 Re3 36. Rc4 Bd6 37. Kg4 g6 38. Bc1 Re2 39.
Kf3 Re1 40. Rc3 Ke6 41. Be3 Ra1 42. Rd3 a5 43. f5+ gxf5 44. exf5+ Ke7 45. bxa5 Rxa3 46. Rxa3 Bxa3 47. Ke4 Bb4 48. Bb6 Kd6 49. Bd8 Bc3 50. Kd3 Be5 51. g4 Kd5 52. g5 fxg5 53. Bxg5 c5 54. f6 c4+ 55. Kc2 Ke6 56. Bh4 Bxf6 57. Bxf6 Kxf6 58. Kc3 Ke6 59. Kxc4 Kd6 60. a6 bxa6 61.
Kb4 Kc6 62. Ka5 Kb7 63. Ka4 Kb6 64. Ka3 Kb7 65. Ka2 Kb6 66. Ka1 Kb5 67. Ka2 a5 68.
Ka1 Kb4 69. Ka2 Ka4 70. Ka1 Kb4 71. Ka2 a4 72. Ka1 Kb3 73. Kb1 Ka3 74. Ka1 Kb3 75. Kb1 a3 76. Ka1 a2 1/2-1/2

[Event "*** Titled Tuesday Blitz"]
[Site "Chess.com"]
[Date "2020.11.24"]
[Round "10"]
[White "elamier"]
[Black "GameOverBro"]
[Result "0-1"]
[WhiteElo "2369"]
[BlackElo "2513"]
[TimeControl "180+1"]
[EndTime "12:15:15 PST"]
[Termination "GameOverBro won by resignation"]

1. e4 d6 2. d4 Nf6 3. Nc3 e5 4. Nf3 Nbd7 5. Bc4 Be7 6. O-O c6 7. a4 h6 8. Re1 Qc7 9. a5 Nf8 10. h3 Ng6 11. Be3 O-O 12. Qd2 Kh7 13. Bb3 Nh5 14.
Ne2 c5 15. dxc5 dxc5 16. Bd5 Be6 17. c4 Rad8 18. Qc3 Bf6 19. Qa3 Be7 20. Qc3 Nhf4 21. Nxf4 exf4 22. Bd2 Bf6 23. Qc2 Ne5 24. Nxe5 Bxe5 25.
f3 g5 26. Bc3 h5 27. Bxe5 Qxe5 28. Bxb7 Rb8 29. a6 Rfd8 30. Rad1 Rd4 31. b3 Rbd8 32. Rxd4 Rxd4 33. Bd5 Kg7 34. Rd1 Kf6 35. Rd3 Rxd3 36. Qxd3 Qa1+ 37. Kh2 Qxa6 38. e5+ Kxe5 39. Qh7 Bxd5 40.
cxd5 Kxd5 41. Qxf7+ Kd4 42. Qg7+ Kd3 43. Qxg5 Qb5 44.
Qxf4 a5 45. Qe4+ Kc3 46. Qe3+ Kb4 47. f4 a4 48. bxa4 Kxa4 49. f5 c4 50. Qf4 Kb3 51.
f6 Qc5 52. f7 Qf8 53. Qe3+ c3 54. Qe8 Qd6+ 55. Kg1 c2 56. f8=Q c1=Q+ 57. Kf2 Qcc5+ 58. Qe3+ Qxe3+ 59. Kxe3 Qxf8 60. g4 hxg4 61. hxg4 Qg7 62.
Kf4 Kc4 63. g5 Kd5 64. Kf5 Kd6 65. g6 Kd5 66. Kg5 Ke5 0-1

[Event "*** Titled Tuesday Blitz"]
[Site "Chess.com"]
[Date "2020.11.24"]
[Round "10"]
[White "Witik"]
[Black "maximnovik"]
[Result "1-0"]
[WhiteElo "2698"]
[BlackElo "2548"]
[TimeControl "180+1"]
[EndTime "12:15:24 PST"]
[Termination "Witik won on time"]

1. e4 c6 2. d4 d5 3. e5 Bf5 4. h4 h6 5. g4 Bd7 6. Nd2 h5 7. gxh5 Bf5 8. Nb3 e6 9. Be2 c5 10. dxc5 Nd7 11. Nf3 Nxc5 12. Nbd4 Be4 13. Rg1 Ne7 14.
Bb5+ Nd7 15. Ng5 Qc7 16. Bf4 Nc6 17. Nxe4 dxe4 18. c3 O-O-O 19. Bxc6 bxc6 20. Qe2 Nc5 21. O-O-O Nd3+ 22. Rxd3 exd3 23. Qxd3 c5 24. Qa6+ Qb7 25. Qxb7+ Kxb7 26. Nf3 Rxh5 27. Kc2 Rf5 28. Rg4 Be7 29.
Nd2 g6 30. Ne4 Rh8 31. Bg3 Rfh5 32. Rf4 R8h7 33. c4 Kc6 34. Nf6 Bxf6 35. Rxf6 Rf5 36. Rxf5 exf5 37. Kd3 Rh8 38. Ke3 Rd8 39. Kf4 Kd7 40. h5 Ke6 41. h6 f6 42. exf6 Rd4+ 43.
Ke3 Kxf6 44. h7 Rd8 45. Bd6 Rh8 46. Bxc5 Rxh7 47. f4 Rh2 48. Bd4+ Ke6 49. a4 Rh3+ 50. Kd2 Rf3 51. Be3 g5 52. fxg5 f4 53. Bd4 Kf5 54. c5 Ke4 55. Bf6 Rg3 56. c6 f3 57. c7 f2 58. Ke2 Rf3 59. Kf1 Rd3 60. Kxf2 Rd2+ 61. Ke1 Rc2 62. Bc3 Ke3 63. Kf1 Kf3 64. Ke1 Ke3 65. Kd1 Kd3 66. c8=Q 1-0

[Event "*** Titled Tuesday Blitz"]
[Site "Chess.com"]
[Date "2020.11.24"]
[Round "10"]
[White "BocharovD"]
[Black "Sebastian"]
[Result "1-0"]
[WhiteElo "2843"]
[BlackElo "2903"]
[TimeControl "180+1"]
[EndTime "12:15:26 PST"]
[Termination "BocharovD won on time"]

1. c4 e5 2. d3 Nf6 3. Nf3 Nc6 4. a3 d5 5. cxd5 Nxd5 6. e4 Nb6 7. Be3 f5 8. Be2 f4 9. Bc1 Bg4 10. Nbd2 a5 11. b3 Bc5 12. Bb2 Qd6 13. O-O O-O 14. Qc2 Bxf3 15. Nxf3 Nd4 16. Nxd4 Bxd4 17. Bxd4 Qxd4 18.
Qxc7 Rfc8 19. Qxb7 Rab8 20. Qa7 Ra8 21. Qe7 Re8 22. Qh4 Rac8 23. Bg4 Rc3 24. b4 a4 25.
Rfd1 Qd6 26. h3 Re7 27. Qg5 Rec7 28. d4 exd4 29. e5 Qd5 30. Bf3 Qd7 31. Qxf4 d3 32. Be4 Nc4 33. e6 Qd6 34. Qxd6 Nxd6 35. Bxd3 Kf8 36.
Bxh7 Ke7 37. Rd3 Rb3 38. Rxb3 axb3 39. Rb1 Rc3 40. a4 Nc4 41. a5 Na3 42. Rb2 Nc4 43. Rb1 Na3 44. Rd1 b2 45. a6 Nc4 46. a7 Ra3 47. Bd3 Nd6 48. Rb1 Rxa7 49. Rxb2 Kxe6 50. b5 Rb7 51. Be2 Rb6 52. g3 Kd5 53. Kg2 Kd4 54. Rc2 Kd5 55. Rc6 Rb8 56. Rc7 g5 57. Rg7 Ne4 58.
Bf3 Ke5 59. Bxe4 Kxe4 60. Rxg5 Rb6 61. h4 Rd6 62. h5 Rh6 63. g4 Kf4 64. Rg6 Rh7 65. h6 Rc7 66. b6 Rb7 67. Rg7 Rxb6 68. h7 Rh6 69. g5 Rh5 70. g6 Rg5+ 71. Kf1 Rh5 72. Rg8 Kf3 73. h8=Q 1-0

[Event "*** Titled Tuesday Blitz"]
[Site "Chess.com"]
[Date "2020.11.24"]
[Round "10"]
[White "witcher8"]
[Black "KetiTsatsalashvili"]
[Result "0-1"]
[WhiteElo "2426"]
[BlackElo "2320"]
[TimeControl "180+1"]
[EndTime "12:15:33 PST"]
[Termination "KetiTsatsalashvili won by checkmate"]

1. e4 c5 2. Nc3 Nc6 3. f4 e6 4. Nf3 d5 5. Bb5 Nf6 6. d3 Be7 7.
O-O Qb6 8. Bxc6+ Qxc6 9. Ne5 Qb6 10. f5 O-O 11. fxe6 Bxe6 12. Kh1 dxe4 13. dxe4 Qd6 14. Nf3 Qxd1 15. Rxd1 Rfd8 16. Bf4 c4 17. Kg1 Bc5+ 18.
Kf1 Bb4 19. Bg5 Bxc3 20. bxc3 Rxd1+ 21. Rxd1 Nxe4 22. Be3 Nxc3 23. Rd6 Nd5 24. Bf2 b6 25. Nd4 Re8 26. Nxe6 fxe6 27. Rc6 Kf7 28. Rxc4 Ke7 29. Ke2 Kd7 30. Rg4 g6 31. c4 Nc3+ 32. Kd3 Nxa2 33.
c5 Kc6 34. cxb6 axb6 35. Ra4 Nc1+ 36. Kc2 Kb5 37. Ra1 Rc8+ 38. Kd1 Nb3 39. Rb1 Kc4 40. Bxb6 Rc6 41. Be3 Rd6+ 42. Ke2 Nd4+ 43. Kf2 Kd5 44.
Rb4 e5 45. Rb7 Ke4 46. Rxh7 Rf6+ 47. Ke1 Kxe3 48. Rh3+ Ke4 49. Rg3 Nf5 50. Ra3 Rb6 51. Ra2 Nd4 52. Kf2 Rc6 53. Ra3 Rc2+ 54. Kg3 Kf5 55.
h3 Ne2+ 56. Kf3 Nf4 57. g4+ Kg5 58. Kg3 Rd2 59. h4+ Kf6 60. Ra6+ Ne6 61. Kf3 Rd1 62.
Kg3 Rd3+ 63. Kg2 e4 64. Kf2 Ke5 65. h5 gxh5 66. gxh5 Nd4 67. h6 Kf4 68. Rf6+ Nf5 69.
Ke2 Rh3 70. Re6 Rxh6 71. Re8 Rh2+ 72. Kf1 e3 73. Rf8 Ra2 74. Ke1 Ke4 75. Re8+ Kf3 76.
Rf8 Ra1# 0-1

[Event "*** Titled Tuesday Blitz"]
[Site "Chess.com"]
[Date "2020.11.24"]
[Round "10"]
[White "ZverevLev"]
[Black "GregShahade"]
[Result "0-1"]
[WhiteElo "2321"]
[BlackElo "2705"]
[TimeControl "180+1"]
[EndTime "12:15:34 PST"]
[Termination "GregShahade won by checkmate"]

1. e4 e5 2. Nf3 Nc6 3. Bb5 a6 4.
Ba4 Nf6 5. d3 b5 6. Bb3 Bc5 7.
c3 d6 8. O-O h6 9. Nbd2 O-O 10. h3 Re8 11. Re1 Be6 12. Bc2 Bb6 13.
Nf1 d5 14. Ng3 Qd7 15. Be3 Bxe3 16. Rxe3 d4 17. cxd4 exd4 18. Re1 Nb4 19. Bb3 c5 20. Bxe6 Qxe6 21. a3 Nc6 22. Rc1 Nd7 23. Nf5 Ne7 24. N3h4 Nxf5 25. Nxf5 Rac8 26. Qg4 g6 27. Nxh6+ Kf8 28.
Qh4 Qe7 29. Qg3 c4 30. Ng4 c3 31. bxc3 dxc3 32. Qf4 Kg7 33. e5 Rh8 34. Nf6 Nxf6 35.
exf6+ Qxf6 36. Qg3 Rhd8 37. Rc2 a5 38. Rb1 Rb8 39.
Qc7 b4 40. axb4 axb4 41. Rxb4 Rxb4 42. Rxc3 Rb1+ 43. Rc1 Rxc1+ 44. Qxc1 Ra8 45. Qc2 Ra1+ 46.
Kh2 Qe5+ 47. g3 Qf6 48. h4 Ra6 49. Qe2 Re6 50. Qd2 Re5 51. d4 Rf5 52. Kg2 Rd5 53. Qe3 Qxd4 54. Qf3 Rd6 55. Qe2 Qd5+ 56. Kh2 Qd4 57.
Kg2 Qf6 58. h5 Re6 59. Qg4 Qf5 60. Qd1 Qxh5 61. Qa1+ Qe5 62. Qd1 Qe4+ 63. Kh2 Re5 64. Kg1 Qe1+ 65. Qxe1 Rxe1+ 66. Kg2 Re6 67. f4 Kf6 68.
Kf3 g5 69. g4 gxf4 70. Kxf4 Kg6 71. g5 Ra6 72. Kg4 Ra5 73. Kg3 Rxg5+ 74. Kf4 f5 75. Ke5 Rg4 76. Kd6 Re4 77. Kc5 Kf6 78. Kb6 Ke5 79.
Kc7 f4 80. Kd7 f3 81. Ke7 f2 82. Kf7 f1=Q+ 83. Kg7 Rg4+ 84. Kh6 Qh3# 0-1

[Event "*** Titled Tuesday Blitz"]
[Site "Chess.com"]
[Date "2020.11.24"]
[Round "10"]
[White "XDPS"]
[Black "louis198"]
[Result "1-0"]
[WhiteElo "2708"]
[BlackElo "2556"]
[TimeControl "180+1"]
[EndTime "12:15:35 PST"]
[Termination "XDPS won by resignation"]

1. d4 e6 2. Bf4 c5 3. e3 Nf6 4. Nf3 Qb6 5. Nc3 cxd4 6. exd4 Qxb2 7. Nb5 Bb4+ 8. Nd2 Na6 9. a3 Nd5 10. axb4 Nxf4 11. c3 Nd5 12. Nc4 Nxc3 13. Nxb2 Nxd1 14.
Nxd1 O-O 15. Ra4 d5 16. Nbc3 Bd7 17. b5 Nc7 18. Kd2 a6 19. Rb4 axb5 20. Nxb5 Ra2+ 21.
Ke3 Na6 22. Rb2 Ra1 23. Be2 Rc8 24. Re1 h6 25. Kd2 Ra4 26. Ndc3 Bxb5 27. Nxb5 Nb8 28.
Ke3 Nc6 29. Rc1 Rd8 30. Bd3 g5 31. h3 f5 32. g3 Kg7 33. Nc7 Nxd4 34. Rxb7 Kf6 35. Rb6 f4+ 36. gxf4 gxf4+ 37. Kd2 Nf3+ 38. Ke2 Nd4+ 39. Kf1 Ra3 40. Be2 f3 41. Bd1 Ke5 42. Rcb1 Rd7 43. Nb5 Nxb5 44. R6xb5 Rda7 45. R5b3 Rxb3 46. Rxb3 Ra1 47. Ke1 Ke4 48. Re3+ Kd4 49. Rxe6 Kc3 50. Re3+ Kc4 51. Rxf3 d4 52. Kd2 h5 53. Bb3+ Kb4 54. Bc2 Ra5 55. Rf4 Rd5 56. Kd3 Kc5 57. Kd2 Kc4 58. Bd3+ Kb4 59. Rf5 Rd8 60. Rxh5 Rf8 61. Rb5+ Ka4 62. Rf5 Rh8 63. Rf4 Rxh3 64. Rxd4+ Kb3 65.
Rf4 Rh2 66. Ke3 Kc3 67. Be4 Rh3+ 68. f3 Rh1 69. Rf5 Re1+ 70. Kf4 Rh1 71. Rc5+ Kd4 72. Rd5+ Kc4 73. Ke3 Re1+ 74. Kf4 Rh1 75. Rd8 Rh4+ 76. Ke5 Rh1 77. f4 Rh5+ 78. f5 Rh4 79. f6 Kc5 80. f7 1-0

[Event "*** Titled Tuesday Blitz"]
[Site "Chess.com"]
[Date "2020.11.24"]
[Round "10"]
[White "Cambek64"]
[Black "zocpoc71"]
[Result "0-1"]
[WhiteElo "2294"]
[BlackElo "2482"]
[TimeControl "180+1"]
[EndTime "12:15:38 PST"]
[Termination "zocpoc71 won by resignation"]

1. e4 e5 2. Nf3 Nc6 3. Bb5 Bc5 4. O-O Qf6 5. d3 d6 6. Be3 Ne7 7. Nbd2 h6 8. c3 Bb6 9. d4 O-O 10. d5 Nb8 11. a4 a6 12. Bd3 Ba7 13. Bxa7 Rxa7 14. Ne1 Ng6 15. g3 Bh3 16. Ng2 Nd7 17.
a5 Raa8 18. b4 Qg5 19. Nf3 Qg4 20. Nfh4 Qxd1 21. Raxd1 Nxh4 22. gxh4 g6 23. Be2 f5 24.
Rd3 Bxg2 25. Kxg2 fxe4 26. Rg3 Kh7 27. Bg4 Nf6 28. Be6 Nh5 29. Re3 Nf4+ 30. Kg3 Nxe6 31. dxe6 Rf4 32. Rfe1 Re8 33. Rxe4 Rxe4 34. Rxe4 Rxe6 35.
c4 Rf6 36. b5 Kg7 37. bxa6 bxa6 38. c5 Kf7 39. cxd6 cxd6 40. Rb4 d5 41. Rb7+ Ke6 42. Kg4 Rf4+ 43. Kg3 Rf6 44. Kg4 Rxf2 45. Rb6+ Kf7 46. Rxa6 Ra2 47. h5 gxh5+ 48. Kf5 e4 49. Ra7+ Kg8 50.
Ke5 e3 51. Kxd5 e2 52. Re7 Rxa5+ 53. Kd4 Ra2 54. Kd3 e1=Q 55. Rxe1 Rxh2 56. Ke3 Rg2 57. Kf3 Rg5 58. Re4 Kg7 59. Ra4 Kg6 60. Rb4 Rg1 61.
Kf2 Rg4 62. Rb5 h4 63. Kf3 Rg5 64. Rb6+ Kh5 65. Kf4 h3 66. Rb3 Kh4 67. Rb6 h5 68. Rb2 Rg2 69. Rb4 Rg4+ 0-1